 Dungeon Crawl Stone Soup version 0.28.0 (webtiles) character file.

Game seed: 2804305183610897687

588 DasRunzen the Magician (level 7, -4/50 HPs)
             Began as a Djinni Fire Elementalist on Feb 11, 2022.
             Slain by Duvessa (7 damage)
             ... on level 4 of the Dungeon.
             The game lasted 00:09:39 (4355 turns).

DasRunzen the Magician (Djinni Fire Elementalist)   Turns: 4355, Time: 00:09:40

Health: -4/50      AC:  5    Str:  7    XL:     7   Next: 65%
Gold:   175        EV: 13    Int: 25    God:
                   SH:  0    Dex: 13

rFire   + + .      SeeInvis .   (no weapon)
rCold   x . .      Faith    .   (no shield)
rNeg    + . .      Spirit   .   a - +1 robe
rPois   ∞          Reflect  .   (no helmet)
rElec   .          Harm     .   (no cloak)
rCorr   .          Rampage  .   t - +1 pair of gloves
Will    .....                   (boots unavailable)
Stlth   ++........              (no amulet)
HPRegen 0.16/turn               f - ring of positive energy
MPRegen 0.00/turn               j - +6 ring of intelligence

@: about to teleport, flying, very slightly contaminated
A: sickness immunity, fire resistance 2, cold vulnerability 1, float, innate
caster, HP casting, extra vitality 1
a: no special abilities


You were on level 4 of the Dungeon.
You visited 1 branch of the dungeon, and saw 4 of its levels.
You also visited: Sewer.

You collected 175 gold pieces.

Inventory:

Armour
 a - a +1 robe (worn)
 t - a +1 pair of gloves (worn)
Jewellery
 f - a ring of positive energy (left hand)
 j - a +6 ring of intelligence (right hand)
Scrolls
 l - a scroll of enchant armour
 m - a scroll of magic mapping {unknown}
 n - a scroll of identify
 o - a scroll of fog {unknown}
Potions
 b - 2 potions of attraction {unknown}
 c - a potion of curing
 d - 4 potions of heal wounds {unknown}
 e - a potion of ambrosia {unknown}
 h - a potion of brilliance {unknown}
 i - a potion of flight {unknown}
 k - a potion of magic {unknown}
 p - 4 potions of haste {unknown}
 q - a potion of cancellation {unknown}
 r - a potion of invisibility {unknown}
 s - 2 potions of resistance {unknown}


   Skills:
 + Level 3.1 Fighting
 + Level 3.1 Armour
 + Level 4.3 Dodging
 - Level 1.5 Stealth
 * Level 4.4 Spellcasting


You couldn't memorise any spells.
You knew the following spells:

 Your Spells              Type           Power      Damage    Failure   Level
a - Foxfire               Conj/Fire      100%       2x1d9     1%          1
b - Scorch                Fire           54%        2d8       2%          2
c - Conjure Flame         Conj/Fire      27%        6-21      4%          3
d - Inner Flame           Hex/Fire       27%        N/A       4%          3
e - Flame Wave            Conj/Fire      27%        2d7       14%         4
f - Freeze                Ice            100%       1d11      1%          1
g - Corpse Rot            Necr/Air       54%        N/A       2%          2
h - Passwall              Tmut/Erth      22%        N/A       2%          2
Your spell library was empty.

Dungeon Overview and Level Annotations

Branches:
Dungeon (4/15)              Sewer (visited)
 Temple: D:4-7

Altars:

Shops:
D:3 (   D:4 :

Annotations:
D:3 3 runed translucent doors, Tagedieb's ghost, weakling KoEn
D:4 Duvessa


Innate Abilities, Weirdness & Mutations

You are immune to sickness and miasma.
You are immune to poison.
Your flesh is very heat resistant. (rF++)
You are vulnerable to cold. (rC-)
You float through the air rather than walking.
You learn spells naturally, not from books.
Your magical power is your life essence.
You have superior vitality. (+4 MHP)


Message History

You miscast Foxfire.
You are very lightly contaminated with residual magic.
Nothing appears to happen.
The foxfire hits Duvessa.
Duvessa resists.
Duvessa is lightly wounded.
Dowan is engulfed in blazing flames.
Flame seeps out of Dowan.
Dowan points at Duvessa and mumbles some strange words.
Duvessa seems to speed up.
The foxfire hits Duvessa.
Duvessa resists.
Duvessa is lightly wounded.
Duvessa barely misses you.
There is an open door here.
Casting: Foxfire (safe; 1% risk of failure)
Confirm with . or Enter, or press ? or * to list all spells.
Flames lash Dowan.
Duvessa screams in rage.
Duvessa goes berserk!
Dowan explodes!
Duvessa hits you with a +0 short sword! Duvessa completely misses you.
Casting: Scorch (safe; 2% risk of failure)
Confirm with . or Enter, or press ? or * to list all spells.
You miscast Scorch.
Nothing appears to happen.
Duvessa misses you.
Unknown command.
Casting: Scorch (safe; 2% risk of failure)
Confirm with . or Enter, or press ? or * to list all spells.
Flames lash Duvessa.
Duvessa resists.
Duvessa is lightly wounded.
Duvessa's fire resistance burns away.
Duvessa barely misses you. Duvessa hits you with a +0 short sword!
* * * LOW HITPOINT WARNING * * *
Casting: Scorch (safe; 2% risk of failure)
Confirm with . or Enter, or press ? or * to list all spells.
Flames lash Duvessa but do no damage.
* * * LOW HITPOINT WARNING * * *
Duvessa closely misses you.
Unknown command.
As you read the scroll of teleportation, it crumbles to dust.
You feel strangely unstable. Duvessa misses you. Duvessa barely misses you.
Duvessa is no longer more vulnerable to fire.
Duvessa hits you with a +0 short sword!
You die...

###....................#
..#....................+
..#....................#
..'....................#
..#...............†.§☼§#
###...(.............§).#
.........#########'##......
.........#...#...e..# .....
.........#...#..@...# .)..
.........#...#......# r..
.........+...#......# ..
.............≈......+ .
..........##≈≈≈≈≈##.#
...###'##.##≈≈≈≈≈##.##+#
...#......≈≈≈....≈≈....#
...'......≈≈.....≈≈....#
...#......≈≈.....≈≈....#


You could see Duvessa (berserk, fast).

Vanquished Creatures
  5 kobold brigands (Sewer)
  Dowan (D:4)
  An iguana (D:4)
  A hound skeleton (D:4)
  4 adders
  2 river rats (Sewer)
  6 worms
  3 dart slugs (D:1)
  An orc (D:3)
  6 bats
  9 endoplasms
  3 giant cockroaches (D:3)
  7 goblins
  7 hobgoblins
  4 jackals (D:4)
  10 kobolds
  3 quokkas
  8 ball pythons
  A frilled lizard (D:1)
  4 rats
86 creatures vanquished.

Vanquished Creatures (others)
  265 foxfires
265 creatures vanquished.

Grand Total: 351 creatures vanquished

Notes
Turn   | Place    | Note
-------+----------+-------------------------------------------
     0 | D:1      | DasRunzen the Djinni Fire Elementalist began the quest for
                  | the Orb.
     0 | D:1      | Reached XP level 1. HP: 15/15 MP: 0/0
   443 | D:1      | Reached XP level 2. HP: 19/22 MP: 0/0
   874 | D:1      | Reached XP level 3. HP: 24/26 MP: 0/0
   874 | D:1      | Learned a level 1 spell: Freeze
  1332 | D:2      | Reached skill level 1 in Fighting
  1662 | D:2      | Reached skill level 1 in Armour
  1787 | D:2      | Found a faded altar of an unknown god.
  2123 | D:3      | Found a runed translucent gate.
  2124 | D:3      | Found a runed translucent gate.
  2125 | D:3      | Found a runed translucent gate.
  2125 | D:3      | Noticed a kobold brigand
  2126 | D:3      | Noticed Tagedieb's ghost (weakling KoEn)
  2215 | D:3      | Reached XP level 4. HP: 27/32 MP: 0/0
  2631 | D:3      | Found Ofafun's Antique Weapon Boutique.
  3201 | D:4      | Found a glowing drain.
  3243 | Sewer    | Entered a sewer
  3345 | Sewer    | Noticed a kobold brigand
  3350 | Sewer    | Killed a kobold brigand
  3351 | Sewer    | Reached XP level 5. HP: 31/38 MP: 0/0
  3351 | Sewer    | Learned a level 2 spell: Corpse Rot
  3482 | Sewer    | Noticed a kobold brigand
  3482 | Sewer    | Noticed a kobold brigand
  3488 | Sewer    | Killed a kobold brigand
  3489 | Sewer    | Reached XP level 6. HP: 35/43 MP: 0/0
  3503 | Sewer    | Reached XP level 7. HP: 20/49 MP: 0/0
  3503 | Sewer    | Learned a level 2 spell: Passwall
  4203 | D:4      | Found Dylatroe's Self-Improvement Boutique.
  4339 | D:4      | Noticed Dowan
  4341 | D:4      | Noticed Duvessa
  4349 | D:4      | Killed Dowan
  4355 | D:4      | Slain by Duvessa

Illustrated notes

Levels and vault maps discovered:
D:1:      mainiacjoe_arrival_reflecting_pool, layout_loops_ring,
          roderic_serpentine_path, minivault_26, minmay_misc_feat_rugged,
          grunt_decor_fettered, dk_noncrumbling_2
D:2:      layout_rooms, hellmonk_ecumenical_altar_pennies_from_heaven,
          minmay_misc_feat_diagonals, grunt_ministairs_13
D:3:      minmay_skewed_foursquare, layout_basic, gammafunk_ghost_nasty_kobolds,
          serial_shops, nicolae_shop_crystal, mrwooster_statue_mirror
D:4:      layout_gridville, cheibrodos_sewer_entry_sluice,
          nicolae_shop_self_help, uniq_eustachio, uniq_duvessa

Skill      XL: |  1  2  3  4  5  6  7 |
---------------+----------------------+-----
Fighting       | 1 2 3 |  3.1
Armour         | 1 2 3 |  3.1
Spellcasting   | 3 4 |  4.4
Dodging        | 3 4 |  4.3
Stealth        | |  1.5

Action                   |  1- 3 |  4- 6 |  7- 9 || total
-------------------------+-------+-------+-------++-------
 Cast: Foxfire           |    63 |    58 |    43 ||   164
       Scorch            |     1 |    10 |    15 ||    26
       Inner Flame       |       |     3 |     1 ||     4
  Use: Scroll            |     4 |     2 |     1 ||     7
Armor: Robe              |     3 |       |       ||     3
Dodge: Dodged            |     2 |     3 |     9 ||    14
